 Dungeon Crawl Stone Soup version 0.21.1-1-g345015f (webtiles) character file.

39 theblackcape the Ducker (level 3, 0/17 HPs)
             Began as a Felid Monk on July 7, 2018.
             Slain by an adder (2 damage)
             ... on level 1 of the Dungeon.
             The game lasted 00:03:31 (1436 turns).

theblackcape the Ducker (Felid Monk)                Turns: 1436, Time: 00:03:31

Health: 0/17       AC:  1    Str:  7    XL:     3   Next: 28%
Magic:  4/4        EV: 21    Int: 11    God:
Gold:   21         SH:  0    Dex: 19    Spells: 2/2 levels left
                                        Lives:  0   Deaths: 0

rFire    . . .     SeeInvis +     - Unarmed
rCold    . . .     Gourm    .   (shield unavailable)
rNeg     . . .     Faith    .   (armour unavailable)
rPois    .         Spirit   .   (helmet unavailable)
rElec    .         Reflect  .   (cloak unavailable)
rCorr    .         Harm     .   (gloves unavailable)
MR       .....                  (boots unavailable)
Stlth    +++.......             b - amulet of rage
HPRegen  0.05/turn              (no ring)
MPRegen  0.09/turn              (no ring)

@: lethally poisoned (0 -> -10), quick
A: very small, no armour, no weapons or thrown items, stealth, claws 1, fangs 3,
see invisible, carnivore, speed 1, shaggy fur 1, slow metabolism 1, sharp paws
a: Evoke Berserk Rage


You were on level 1 of the Dungeon.
You were completely stuffed.

You visited 1 branch of the dungeon, and saw 2 of its levels.

You collected 21 gold pieces.

Inventory:

Jewellery
 b - an amulet of rage (around neck)
 g - an uncursed amulet of faith
 i - an uncursed amulet of magic regeneration
Scrolls
 c - a scroll of enchant armour {unknown}
 d - a scroll of fear {unknown}
 e - a scroll of blinking {unknown}
 h - a scroll of remove curse {unknown}
 j - a scroll of immolation {unknown}
Comestibles
 a - 3 rations


   Skills:
 - Level 3.1 Fighting
 + Level 5.3 Dodging
 - Level 3.0 Stealth
 - Level 3.2 Unarmed Combat
 + Level 0.3 Evocations


You had 2 spell levels left.
You didn't know any spells.

Dungeon Overview and Level Annotations

Branches:
Dungeon (2/15)

Altars:

Annotations:
D:2 Terence


Innate Abilities, Weirdness & Mutations

You cannot wear armour.
You are incapable of wielding weapons or throwing items.
Your paws allow you to move quietly. (Stealth)
You have sharp claws.
You have razor-sharp teeth.
You have supernaturally acute eyesight. (SInv)
You are carnivorous and can eat meat at any time.
You cover ground quickly.
You are covered in fur. (AC +1)
You have a slow metabolism.
Your sharp claws are effective at attacking unaware monsters.


Message History

The adder completely misses you.
You climb upwards.
There is a stone staircase leading down here.
You scratch the adder but do no damage. The adder bites you.
You are poisoned.
The adder poisons you!
You claw the adder!
The adder is severely wounded.
You feel sick. The adder bites you.
You are lethally poisoned!
The adder poisons you! The adder misses you.
You miss the adder.
The adder is severely wounded.
You feel sick. The adder bites you.
* * * LOW HITPOINT WARNING * * *
You miss the adder.
The adder is severely wounded.
* * * LOW HITPOINT WARNING * * *
You feel sick. The adder bites you.
You die...

#..................# #### ##
#....###...#######.# ###... .#
#....# #...#######.#####..### .#
#....# #...#........#........ .#
#....# #..[#........#.##..### .#
###### #...#.#####.##.##..# .#
########...#.# #....##..# .#
#..........#.#####.#####..### .#
#.#######..#@................ .#
#.# #..#.S.######.##..#.# .#
#.#######..........##.##..#.#
.####...................#.##..#.#
...........................#..#.#
###################.#####..#..#.#
.....................# #..#..#.#
###################..# #.....#.#
#..# #.##.##.#


You could see an adder.

Vanquished Creatures
  A worm (D:2)
  3 dart slugs
  A leopard gecko (D:1)
  6 hobgoblins
  7 jackals (D:1)
  4 bats (D:1)
  2 frilled lizards
  2 kobolds (D:1)
  2 rats (D:1)
28 creatures vanquished.

Notes
Turn   | Place    | Note
-------+----------+-------------------------------------------
     0 | D:1      | theblackcape the Felid Monk began the quest for the Orb.
     0 | D:1      | Reached XP level 1. HP: 10/10 MP: 2/2
   258 | D:1      | Reached XP level 2. HP: 14/14 MP: 3/3
  1036 | D:2      | Reached skill level 5 in Dodging
  1043 | D:2      | Reached XP level 3. HP: 16/17 MP: 4/4
  1169 | D:2      | Noticed Terence
  1436 | D:1      | Slain by an adder

Skill      XL: |  1  2 |
---------------+-------+-----
Stealth        | 3 |  3.0
Dodging        | 5 |  5.3
Fighting       | |  3.1
Unarmed Combat | |  3.2
Evocations     | |  0.3

Action                   || total
-------------------------++-------
Melee: Unarmed           ||    91
       Bite              ||     6
       Punch             ||     2
 Abil: Evoke Berserk Rag ||     1
  Use: Scroll            ||     3
 Stab: Sleeping          ||     4
  Eat: Chunk             ||     9
Armor: Skin              ||     3
Dodge: Dodged            ||    75
